 Dungeon Crawl Stone Soup version 0.20.0-8-g6b59dc7 (webtiles) character file.

35 zhorgal the Magician (level 3, 0/28 HPs)
             Began as a Draconian Wizard on May 30, 2017.
             Succumbed to an adder's poison
             ... on level 3 of the Dungeon.
             The game lasted 00:06:16 (1702 turns).

zhorgal the Magician (Draconian Wizard)             Turns: 1702, Time: 00:06:17

Health: 0/28       AC:  5    Str:  9    XL:     3   Next: 17%
Magic:  3/7        EV: 12    Int: 19    God:
Gold:   82         SH:  0    Dex:  9    Spells: 7/8 levels left

rFire    . . .     SeeInvis .   h - +0 club
rCold    . . .     Gourm    .   (no shield)
rNeg     . . .     Faith    .   (armour unavailable)
rPois    .         Spirit   .   a - +0 hat
rElec    .         Reflect  .   (no cloak)
rCorr    .         Harm     .   (no gloves)
MR       .....                  (no boots)
Stlth    ++........             (no amulet)
Regen    0.1/turn               (no ring)
MPRegen  0.1/turn               (no ring)

@: lethally poisoned (0 -> -1), flying, very slightly contaminated, hasted
(expiring), very quick
A: unfitting armour, cold-blooded, AC +5
a: no special abilities


You were on level 3 of the Dungeon.
You were very hungry.

You visited 1 branch of the dungeon, and saw 3 of its levels.

You collected 82 gold pieces.

Inventory:

Hand Weapons
 h - a +0 club (weapon)
Missiles
 d - 46 stones (quivered)
Armour
 a - a +0 hat (worn)
Jewellery
 g - an uncursed ring of resist corrosion {unknown}
 n - an uncursed amulet of faith {unknown}
Wands
 p - a wand of polymorph (17/24)
Scrolls
 l - a scroll of teleportation
Potions
 k - a potion of curing {unknown}
Books
 b - a book of Minor Magic

   Spells                             Type                      Level
   a - Magic Dart                     Conjuration                  1
   b - Blink                          Translocation                2
   c - Call Imp                       Summoning                    2
   d - Slow                           Hexes                        2
   e - Conjure Flame                  Conjuration/Fire             3
   f - Mephitic Cloud                 Conjuration/Poison/Air       3
Comestibles
 c - a bread ration
 i - a meat ration
 j - 7 fruits


   Skills:
 + Level 1.4 Fighting
 - Level 1.7 Dodging
 - Level 1.7 Stealth
 - Level 3.0 Spellcasting
 * Level 2.6 Conjurations
   Level 1.0 Summonings
   Level 1.0 Translocations


You had 7 spell levels left.
You knew the following spells:

 Your Spells              Type           Power        Failure   Level  Hunger
a - Magic Dart            Conj           ##..         4%          1    None


Dungeon Overview and Level Annotations

Branches:
Dungeon (3/15)

Altars:
Trog

Annotations:
D:2 Terence


Innate Abilities, Weirdness & Mutations

Your plain brown scales are hard. (AC +5)
You cannot fit into any form of body armour.
You are cold-blooded and may be slowed by cold attacks.


Message History

* * * LOW HITPOINT WARNING * * *
You barely miss the worm.
* * * LOW HITPOINT WARNING * * *
You feel sick. The orc barely misses you.
You hit the worm.
The worm is lightly wounded.
The worm closely misses you.
You barely miss the worm.
Your tail-slap misses the worm.
The worm is lightly wounded.
The orc hits you but does no damage.
You completely miss the worm.
The worm is lightly wounded.
The orc misses you. The worm misses you.
You hit the worm. You tail-slap the worm.
The worm is moderately wounded.
The orc completely misses you.
You barely miss the worm.
The worm is moderately wounded.
Your extra speed is starting to run out.
You die...

.o...
#.#.#.#
.h...
#.#.#.#
o.o.
#.#.#.#
o.o.
#.#.#.#
#.#o#.#
..#h#
###o#
#o# #@#
#w# ...
##.##
#.# ..#
###


You could see a worm, a hound and 3 orcs.

Vanquished Creatures
  An adder (D:3)
  An ooze (D:1)
  3 bats (D:1)
  2 giant cockroaches (D:1)
  2 hobgoblins (D:1)
  3 jackals (D:1)
  A ball python (D:1)
  A frilled lizard (D:1)
  2 goblins (D:1)
  2 kobolds (D:1)
  4 rats (D:1)
22 creatures vanquished.

Notes
Turn   | Place    | Note
-------+----------+-------------------------------------------
     0 | D:1      | zhorgal the Draconian Wizard began the quest for the Orb.
     0 | D:1      | Reached XP level 1. HP: 14/14 MP: 4/4
   465 | D:1      | Reached XP level 2. HP: 22/22 MP: 3/6
   564 | D:1      | Reached skill level 1 in Fighting
  1088 | D:2      | Noticed Terence
  1477 | D:2      | Found a bloodstained altar of Trog.
  1670 | D:3      | Reached XP level 3. HP: 16/28 MP: 1/7
  1697 | D:3      | HP: 1/28 [poisoned by an adder]
  1702 | D:3      | Succumbed to an adder's poison

Skill      XL: |  1  2 |
---------------+-------+-----
Fighting       | 1 |  1.4
Conjurations   | 2 |  2.6
Dodging        | |  1.7
Stealth        | |  1.7
Spellcasting   | |  3.0
Summonings     | |  1.0
Translocations | |  1.0

Action                   || total
-------------------------++-------
Melee: Club              ||    58
       Tailslap          ||     1
 Cast: Magic Dart        ||    61
  Use: Scroll            ||     2
       Potion            ||     2
  Eat: Chunk             ||     1
Armor: Skin              ||    23
Dodge: Dodged            ||    75
